 Dungeon Crawl Stone Soup version 0.31.0-32-g396128a36d (webtiles) character file.

Game seed: 15759660547596670272

2834 NotreDorf the Thaumaturge (level 9, -4/57 HPs)
             Began as a Mummy Alchemist on Mar 30, 2024.
             Was an Initiate of Gozag.
             Slain by an orc warlord
             ... wielding a +4 battleaxe
              (18 damage)
             ... in a bailey.
             The game lasted 00:32:30 (6447 turns).

NotreDorf the Thaumaturge (Mummy Alchemist)         Turns: 6447, Time: 00:32:31

Health: -4/57      AC:  2    Str: 12    XL:     9   Next: 45%
Magic:  13/21      EV: 14    Int: 18    God:    Gozag
Gold:   436        SH:  0    Dex: 12    Spells: 7/24 levels left

rFire   x . .        n - +0 war axe (flame)
rCold   + . .        (no shield)
rNeg    + + +        a - +0 robe
rPois   ∞            (no helmet)
rElec   .            (no cloak)
rCorr   .            (no gloves)
SInv    .            (no boots)
Will    +....        (no amulet)
Stlth   ++           e - ring of wizardry
HPRegen 0.29/turn    (no ring)
MPRegen 0.17/turn

%: faith, wizardry (x1)
@: no status effects
A: cold resistance 1, negative energy resistance 3, torment resistance 2, heat
vulnerability 1, in touch with death 1, no potions, faith
a: Renounce Religion, Potion Petition, Call Merchant, Bribe Branch


You were in a bailey.
You worshipped Gozag.
Gozag was aware of your devotion.
You visited 1 branch of the dungeon, and saw 7 of its levels.
You also visited: Bailey.

You collected 923 gold pieces.
You paid 487 gold pieces to Gozag.

Inventory:

Hand Weapons
 n - a +0 war axe of flaming (weapon)
Armour
 a - a +0 robe (worn)
Jewellery
 d - an amulet of the acrobat
 e - a ring of wizardry (left hand)
Wands
 c - a wand of iceblast (15)
Scrolls
 b - 6 scrolls of teleportation
 f - 2 scrolls of butterflies {unknown}
 g - 2 scrolls of enchant armour {unknown}
 h - a scroll of noise
 i - a scroll of brand weapon {unknown}
 j - a scroll of enchant weapon {unknown}
 k - a scroll of vulnerability
 l - 3 scrolls of fog {unknown}
 m - a scroll of blinking
 o - 3 scrolls of revelation
 p - a scroll of fear {unknown}


   Skills:
 + Level 5.6 Dodging
 - Level 1.5 Stealth
 + Level 8.3 Spellcasting
 + Level 5.4 Conjurations
 + Level 5.9 Alchemy


You had 7 spell levels left.
You knew the following spells:

 Your Spells              Type           Power      Damage    Failure   Level
a - Sting                 Conj/Alch      100%       1d9       1%          1
b - Mercury Vapours       Alch/Air       36%        N/A       1%          2
c - Mephitic Cloud        Conj/Alch/Air  21%        N/A       2%          3
d - Sticky Flame          Fire/Alch      18%        2d6       12%         4
e - Olgreb's Toxic Radia  Alch           29%        N/A       3%          4
f - Swiftness             Air            7%         N/A       12%         3

Your spell library contained the following spells:

 Spells                   Type           Power      Damage    Failure   Level
 Call Imp                 Summ           14%        N/A       6%          2
 Ensorcelled Hibernation  Hex/Ice        14%        N/A       6%          2
 Passwall                 Erth           7%         N/A       12%         3
 Summon Hydra             Summ           3%         N/A       100%        7
 Sublimation of Blood     Necr           Unusable   N/A       N/A         2

Dungeon Overview and Level Annotations

Branches:
Dungeon (7/15)             Temple (0/1) D:6          Bailey (1/1)

Altars:
Cheibriados
Gozag
Yredelemnul

Annotations:
D:5 1 runed translucent door, Wolfey's ghost, novice OpFi
D:6 3 runed translucent doors, PaiMei's ghost, novice DsNe


Innate Abilities, Weirdness & Mutations

You are immune to poison.
Your flesh is cold resistant. (rC+)
You are immune to negative energy. (rN+++)
You are immune to unholy pain and torment.
You are vulnerable to heat. (rF-)
You are in touch with the powers of death.
You do not drink.
You have a special connection with the divine. (Faith)


Message History

Confirm with . or Enter, or press ? or * to list all spells.
Aiming: Sting (safe; 1% risk of failure)
Press: ? - help, Shift-Dir - straight line, f/p - orc warlord
Aim: an orc warlord, wielding a +4 battleaxe and wearing a +0 plate armour (lightly wounded, very poisoned, 87% to hit)
The sting hits the orc warlord but does no damage.
The orc warlord looks as sick as possible!
The orc warlord is lightly wounded.
Casting: Sting (safe; 1% risk of failure)
Confirm with . or Enter, or press ? or * to list all spells.
Aiming: Mephitic Cloud (dangerous; 2% risk of failure)
Press: ? - help, Shift-Dir - straight line, f/p - orc warlord
Aim: an orc warlord, wielding a +4 battleaxe and wearing a +0 plate armour (lightly wounded, extremely poisoned, chance to affect: 29%)
The ball explodes into a vile cloud!
The stinking cloud engulfs the orc warlord.
The orc warlord is lightly wounded.
The stinking cloud engulfs you.
The orc warlord is engulfed in noxious fumes.
The orc warlord splashes around in the water.
The orc warlord is engulfed in noxious fumes.
The orc warlord is engulfed in noxious fumes.
The orc warlord appears confused.
The orc warlord laughs at nothing.
Casting: Mephitic Cloud (dangerous; 2% risk of failure)
Confirm with . or Enter, or press ? or * to list all spells.
Aiming: Sting (safe; 1% risk of failure)
Press: ? - help, Shift-Dir - straight line, f/p - orc warlord
Aim: an orc warlord, wielding a +4 battleaxe and wearing a +0 plate armour (lightly wounded, confused, very poisoned, 98% to hit)
The sting hits the orc warlord but does no damage.
The orc warlord looks even sicker.
The orc warlord is lightly wounded.
The orc warlord seems less confused.
The orc warlord hits you with a +4 battleaxe!!
Ouch! That really hurt!
The orc warlord attacks as it pursues you!
The orc warlord hits you with a +4 battleaxe!
* * * LOW HITPOINT WARNING * * *
The orc warlord attacks as it pursues you!
The orc warlord hits you with a +4 battleaxe!!
You die...
Your body crumbles into a pile of gold.

..)## ~#####o~##....##♣
..)# )!8...8?|~#...##.♣
##)#~.........~#'###..♣♣
~~.#~..8...8..~#.~~~...♣
~).##.........##.~~~...♣♣
~~.#~....∩....~#.~~~...∩♣
~~.#~.........~#.)~~...♣
~~.# ~.8...8.~ #.~~~...♣
##'###.......###@###..♣♣
....#~.8...8.~#.o..##.♣
..).#~~~~~~~~~#.....##♣
..).####~~~####......##
8......#'''#......8...#
......................#
......................#
8..8.......)...8..8.!##
......#######.......##


You could see an orc warlord (very poisoned).

Vanquished Creatures
  Grinder (D:3)
  A steam dragon (D:7)
  Menkaure (D:5)
  A water moccasin (D:6)
  6 orc warriors
  2 black bears
  A sky beast (D:6)
  An ice beast (D:5)
  2 ogres
  2 centaurs
  2 bullfrogs (D:6)
  4 scorpions
  A wight (D:6)
  5 jellies
  3 bombardier beetles
  A hound (D:5)
  A sleepcap (D:6)
  2 iguanas
  3 orc wizards
  A gnoll (Bailey)
  4 adders
  A shadow imp (D:5)
  A ribbon worm (D:2)
  20 orcs
  10 ball pythons
  7 endoplasms
  2 giant cockroaches
  6 goblins
  13 hobgoblins
  16 kobolds
  3 quokkas
  9 bats
  6 frilled lizards
  20 rats
159 creatures vanquished.

Notes
Turn   | Place    | Note
-------+----------+-------------------------------------------
     0 | D:1      | NotreDorf the Mummy Alchemist began the quest for the Orb.
     0 | D:1      | Reached XP level 1. HP: 13/13 MP: 4/4
    93 | D:1      | Reached skill level 1 in Conjurations
   150 | D:1      | Reached XP level 2. HP: 19/19 MP: 0/5
   156 | D:1      | Reached skill level 3 in Spellcasting
   429 | D:1      | Found a faded altar of an unknown god.
   666 | D:1      | Reached XP level 3. HP: 24/24 MP: 3/7
   758 | D:1      | Learned a level 2 spell: Mercury Vapours
   762 | D:1      | Learned a level 3 spell: Mephitic Cloud
  1856 | D:3      | Reached XP level 4. HP: 30/30 MP: 7/9
  1970 | D:3      | Learned a level 4 spell: Sticky Flame
  1984 | D:3      | Found an opulent altar of Gozag.
  2119 | D:3      | Became a worshipper of Gozag Ym Sagoz the Greedy
  2167 | D:3      | Noticed Grinder
  2171 | D:3      | Killed Grinder
  2172 | D:3      | Reached skill level 4 in Spellcasting
  2172 | D:3      | Reached XP level 5. HP: 32/35 MP: 1/11
  2397 | D:4      | Reached XP level 6. HP: 41/41 MP: 6/12
  2923 | D:4      | Learned a level 4 spell: Olgreb's Toxic Radiance
  2935 | D:5      | Entered Level 5 of the Dungeon
  3140 | D:5      | Reached skill level 5 in Spellcasting
  3267 | D:5      | Reached XP level 7. HP: 46/46 MP: 2/14
  3816 | D:5      | Found a basalt altar of Yredelemnul.
  3879 | D:5      | Found a snail-covered altar of Cheibriados.
  3954 | D:5      | Reached skill level 6 in Spellcasting
  4036 | D:5      | Noticed Menkaure
  4043 | D:5      | Killed Menkaure
  4044 | D:5      | Reached XP level 8. HP: 34/52 MP: 17/17
  4122 | D:5      | Found a runed translucent door.
  4123 | D:5      | Noticed Wolfey's ghost (novice OpFi)
  4301 | D:6      | Found a staircase to the Ecumenical Temple.
  4717 | D:6      | Reached skill level 5 in Alchemy
  4724 | D:6      | Reached skill level 7 in Spellcasting
  4965 | D:6      | Reached skill level 5 in Dodging
  5190 | D:6      | Found a runed translucent gate.
  5194 | D:6      | Found a runed translucent gate.
  5194 | D:6      | Noticed PaiMei's ghost (novice DsNe)
  5196 | D:6      | Found a runed translucent gate.
  5295 | D:6      | Reached XP level 9. HP: 52/57 MP: 11/20
  5619 | D:7      | Learned a level 3 spell: Swiftness
  5694 | D:7      | Reached skill level 5 in Conjurations
  5694 | D:7      | Found a flagged portal.
  5826 | Bailey   | Entered a bailey
  5849 | Bailey   | Noticed an orc warlord
  5966 | Bailey   | Reached skill level 8 in Spellcasting
  6353 | Bailey   | Found a runed translucent gate.
  6354 | Bailey   | Found a runed translucent gate.
  6355 | Bailey   | Found a runed translucent gate.
  6447 | Bailey   | Slain by an orc warlord

Illustrated notes

Levels and vault maps discovered:
D:1:      lightli_arrival_noodles, layout_rooms, shapermc_ecumenical_altar_petra
D:2:      layout_rooms, minmay_rat_hole
D:3:      layout_basic, grunt_gozag_statues, wad_floor_pattern_untrapped,
          uniq_grinder
D:4:      layout_rooms
D:5:      layout_rooms, mainiacjoe_overflow_two_lobes, gammafunk_ghost_grave,
          kennysheep_opposing_triangles, uniq_menkaure
D:6:      minmay_clustersquares, layout_basic, minmay_temple_entry_large_hall,
          gammafunk_ghost_nasty_kobolds
D:7:      layout_rooms, enter_bailey_8, amcnicky_mini_rare_corridor_liquid
Bailey:   bailey_axe_bossmonster_kennysheep, bailey

Skill      XL: |  1  2  3  4  5  6  7  8  9 |
---------------+----------------------------+-----
Conjurations   | 1 2 3 4 5 |  5.4
Spellcasting   | 3 4 5 6 7 8 |  8.3
Dodging        | 2 3 4 5 |  5.6
Alchemy        | 3 4 5 |  5.9
Stealth        | |  1.5

Action                     |  1- 3 |  4- 6 |  7- 9 || total
---------------------------+-------+-------+-------++-------
  Melee: Unarmed           |    16 |       |       ||    16
         Dagger            |    31 |       |       ||    31
         Long sword        |     6 |    42 |    17 ||    65
         Punch             |       |     1 |     3 ||     4
         War axe           |       |       |   123 ||   123
   Cast: Sting             |    86 |    25 |    91 ||   202
         Mercury Vapours   |     1 |     1 |     1 ||     3
         Sticky Flame      |       |     3 |     7 ||    10
         Mephitic Cloud    |       |     4 |    20 ||    24
 Invoke: Potion Petition   |       |       |     1 ||     1
    Use: Scroll            |     2 |       |     4 ||     6
   Stab: Confused          |       |     1 |     4 ||     5
 Armour: Robe              |    37 |    26 |   108 ||   171
  Dodge: Dodged            |    29 |    28 |   106 ||   163
